Map: Baño de sangre en la disco EE

Players

MrFercho

  • Race: Zerg Zerg
  • Spawn Location: 9:00

tigro - Winner!

  • Race: Terran Terran
  • Spawn Location: 3:00

VOD

Have the link to the VOD?

Description

Time

  • Played on: March 27, 2020, 8:30 p.m.
  • Length: 31:08
Show
View Real Time Build Order
Export as new Build Order

MrFercho Zerg 

Build Orders: 1 Base Baneling Bust, Pool First 

Get SALT Encoding   

  12  0:04  Drone  
  13  0:09  Drone  
  14  0:19  Overlord  
  14  0:25  Overlord  
  14  0:33  Extractor  
  13  0:40  Extractor  
  12  0:51  Drone x3  
  15  1:11  Spawning Pool  
  15  1:16  Evolution Chamber  
  13  1:21  Evolution Chamber  
  13  1:25  Drone x2  
  14  1:43  Drone x2  
  16  2:08  Zergling x4  
  18  2:31  Metabolic Boost  
  18  2:38  Zergling x4  
  18  2:39  Zergling x2  
  21  3:00  Lair  
  21  3:17  Drone  
  21  3:18  Drone x2  
  19  4:11  Zerg Melee Weapons Level 1  
  19  4:14  Zerg Ground Armor Level 1  
  19  4:17  Queen  
  19  4:20  Zergling x6  
  24  4:36  Roach Warren  
  23  4:43  Baneling Nest  
  22  4:47  Infestation Pit  
  22  4:51  Drone x2  
  23  5:12  Hatchery  
  19  5:35  Infestor x2  
  19  5:36  Infestor  
  25  5:47  Neural Parasite  
  25  5:59  Drone x2  
  27  6:18  Hive  
  27  6:22  Overlord x2  
  27  6:23  Overlord x2  
  27  6:32  Drone  
  28  6:41  Burrow  
  28  7:00  Drone x3  
  31  7:04  Extractor  
  30  7:10  Extractor  
  30  7:11  Pathogen Glands  
  29  7:37  Queen  
  31  7:51  Overseer  
  40  8:02  Drone x3  
  43  8:12  Queen  
  45  10:25  Command Center  
  45  10:53  Pneumatized Carapace  
  45  10:55  Drone x3  
  48  11:22  Roach x5  
  58  12:10  Zergling x10  
  63  12:21  Drone x3  
  66  12:24  Zerg Ground Armor Level 2, Zerg Melee Weapons Level 2  
  66  12:27  Adrenal Glands  
  66  12:30  Unknown  
  66  12:32  Centrifical Hooks  
  66  12:36  Glial Reconstitution  
  66  13:07  Drone x2, Spire  
  66  13:08  Drone  
  66  13:10  Overlord x3, Spire  
  67  13:17  Drone  
  68  13:25  Baneling x2  
  68  13:26  Baneling x6  
  68  13:27  Baneling x2  
  68  13:54  Tunneling Claws  
  63  14:13  Ravager x5  
  68  14:25  Drone x2  
  68  14:26  Drone  
  71  14:45  Zerg Melee Weapons Level 3  
  71  14:46  Zerg Ground Armor Level 3  
  71  14:55  Greater Spire  
  71  14:56  Greater Spire  
  69  15:56  Corruptor  
  69  15:57  Corruptor x6  
  69  15:58  Corruptor x4  
  91  16:06  Overlord x4  
  91  16:07  Overlord x3  
  91  16:30  Drone x3  
  91  16:32  Extractor x2  
  93  16:39  Hatchery  
  91  16:40  Ultralisk Cavern  
  91  16:43  Overseer x3  
  91  16:45  Overseer  
  90  16:54  Brood Lord x2  
  94  17:22  Zerg Missile Weapons Level 1  
  92  18:37  Ultralisk x2  
  92  18:40  Corruptor  
  106  18:42  Roach x3  
  106  18:43  Roach  
  106  18:45  Zergling x12  
  106  18:46  Zergling x4  
  122  18:51  Drone  
  122  18:52  Drone x2  
  125  19:06  Drone x2  
  125  19:07  Drone  
  128  19:31  Zerg Missile Weapons Level 2  
  128  19:32  Hydralisk Den  
  128  19:37  Zerg Flyer Weapons Level 1  
  127  19:42  Hydralisk Den  
  126  19:47  Baneling x4  
  126  21:07  Overlord x3  
  126  21:08  Hydralisk x5  
  126  21:09  Hydralisk x4  
  144  21:50  Overseer x2  
  144  21:51  Overseer  
  144  21:52  Hatchery  
  143  22:25  Lurker Den  
  142  22:31  Lurker Den  
  141  22:52  Extractor  
  141  22:56  Extractor  
  139  23:42  Drone x3  
  142  24:07  Hydralisk x9  
  142  24:14  Zerg Missile Weapons Level 3  
  142  24:18  Zerg Flyer Weapons Level 2, Zerg Flyer Armor Level 1  
  142  24:24  Seismic Spines, Adaptive Talons  
  142  24:34  Lurker x2  
  142  24:35  Lurker x4  
  148  25:43  Chitinous Plating  
  148  25:49  Grooved Spines  
  148  25:50  Ultralisk x2  
  148  26:07  Drone  
  148  26:08  Drone x2  
  148  26:09  Roach x4  
  151  26:15  Drone  
  151  26:16  Drone x2  
  100  27:00  Muscular Augments  
  85  27:02  Anabolic Synthesis  
  79  27:33  Overlord  
  79  27:34  Overlord x2  
  79  27:43  Overlord x3  
  79  27:49  Overlord x2  
  79  27:50  Overlord  
  79  28:19  Corruptor  
  79  28:20  Corruptor x5  
  91  29:48  Corruptor x4  
  91  29:49  Corruptor x5  
  109  30:00  Hatchery  
  109  30:03  Extractor  
  107  30:08  Extractor  
  106  30:28  Corruptor x6  
Show
View Real Time Build Order
Export as new Build Order

tigro Terran - Winner!

Build Orders:  

Get SALT Encoding   

  12  0:03  SCV  
  13  0:15  SCV  
  14  0:23  Supply Depot  
  14  0:28  SCV  
  15  0:47  Refinery  
  15  1:03  Barracks  
  15  1:06  SCV  
  16  1:13  Refinery  
  16  1:18  SCV  
  17  1:21  Supply Depot  
  17  1:30  SCV  
  18  1:42  SCV  
  19  1:54  Marine  
  20  2:08  Barracks  
  20  2:12  Marine  
  21  2:25  Engineering Bay  
  21  2:27  Orbital Command  
  21  2:30  Marine  
  22  2:48  Marine  
  23  3:05  Marine  
  23  3:06  Barracks Tech Lab  
  24  3:23  Marine  
  25  3:41  Marine  
  21  3:58  Marine  
  21  3:59  Marine  
  21  4:01  Command Center  
  23  4:08  Combat Shield  
  21  4:16  Marine  
  21  4:17  Marine  
  23  4:34  Marine  
  24  4:51  Marine, Factory  
  25  5:09  Marine  
  26  5:27  Stimpack  
  25  5:39  Planetary Fortress  
  25  5:45  Barracks Tech Lab  
  25  5:47  Marauder  
  27  6:09  Marauder  
  29  6:24  Bunker  
  29  6:30  Marauder, SCV  
  32  6:42  SCV  
  33  6:51  Factory Tech Lab  
  33  6:52  Marauder  
  35  6:55  Terran Infantry Weapons Level 1, SCV  
  36  7:05  Refinery  
  36  7:06  Concussive Shells  
  36  7:07  Supply Depot, SCV  
  37  7:11  Refinery  
  37  7:13  Marauder  
  39  7:19  SCV  
  40  7:22  Infernal Pre-Igniter  
  40  7:28  Cyclone  
  43  7:43  Missile Turret  
  43  7:46  SCV  
  44  7:59  SCV  
  44  8:00  Siege Tank  
  44  8:02  Starport  
  48  8:11  SCV  
  49  8:22  Marine  
  49  8:23  SCV  
  51  8:32  Siege Tank  
  54  8:35  SCV  
  54  8:37  Missile Turret  
  54  8:40  Marine  
  56  8:41  Mag-Field Accelerator  
  56  8:49  Terran Infantry Armor Level 1  
  56  8:51  Starport Tech Lab  
  56  8:57  Marine  
  57  9:05  Armory  
  57  9:15  Marine  
  58  9:33  Marine  
  59  9:58  Missile Turret  
  59  10:43  Neosteel Armor  
  59  10:53  Command Center  
  59  11:28  Corvid Reactor  
  59  11:32  Medivac  
  54  12:02  Medivac  
  54  12:04  Thor  
  62  12:11  Planetary Fortress  
  62  12:23  Hi-Sec Auto Tracking  
  62  12:24  Supply Depot  
  62  12:26  Marine  
  62  12:29  Marauder  
  65  12:32  Viking  
  68  12:46  Cloaking Field  
  68  12:50  Fusion Core  
  70  12:51  Marine  
  70  12:53  Marauder  
  70  12:56  Terran Vehicle Weapons Level 1  
  70  13:02  Viking  
  72  13:07  SCV  
  72  13:09  Marine  
  74  13:15  Marauder  
  74  13:19  SCV  
  77  13:20  Terran Infantry Weapons Level 2  
  77  13:31  SCV  
  78  13:35  Thor  
  78  13:40  Missile Turret  
  84  13:43  SCV  
  84  13:47  Marauder  
  87  13:55  SCV  
  88  14:06  Hyperflight Rotors  
  88  14:24  Refinery  
  88  14:30  Refinery  
  88  14:46  Battlecruiser  
  88  14:48  Weapon Refit  
  88  14:51  Terran Vehicle And Ship Armor Level 1  
  94  14:59  Drilling Claws  
  94  15:00  Missile Turret  
  94  15:05  SCV  
  95  15:17  SCV  
  96  15:29  SCV  
  97  15:36  Terran Infantry Armor Level 2  
  97  15:42  SCV  
  98  15:44  Siege Tank  
  101  15:57  Missile Turret  
  101  16:03  Supply Depot  
  101  16:17  Smart Servos  
  101  16:25  Siege Tank, SCV  
  105  16:28  Rapid Reignition System  
  105  16:34  Factory  
  105  16:45  Terran Ship Weapons Level 1, Engineering Bay  
  105  17:25  Advanced Ballistics  
  103  17:54  Battlecruiser  
  109  18:10  Starport  
  105  18:39  Terran Vehicle Weapons Level 2  
  105  18:54  Marine  
  106  18:56  Missile Turret  
  106  18:59  Starport Tech Lab  
  106  19:04  Factory Tech Lab  
  106  19:12  Marine  
  107  19:18  Supply Depot  
  107  19:29  Marine  
  108  19:39  Battlecruiser  
  114  19:47  Marine  
  115  19:54  Terran Infantry Weapons Level 3  
  115  19:56  Terran Infantry Armor Level 3  
  115  20:05  Marine  
  116  20:09  Missile Turret  
  116  20:14  Missile Turret  
  116  20:54  Terran Ship Weapons Level 2  
  116  21:00  Supply Depot  
  116  21:19  Supply Depot  
  116  21:22  Battlecruiser  
  122  21:29  Missile Turret  
  122  21:40  Thor  
  128  21:52  Command Center  
  128  22:06  Siege Tank  
  131  22:10  Refinery  
  131  22:32  Refinery  
  131  22:35  Thor  
  137  22:38  Battlecruiser, Siege Tank  
  146  22:44  Supply Depot  
  146  23:10  Terran Vehicle And Ship Armor Level 2, Siege Tank  
  147  23:17  Missile Turret  
  147  23:18  Thor  
  153  23:42  Battlecruiser, Siege Tank  
  162  24:08  Planetary Fortress  
  162  24:14  Siege Tank  
  165  24:17  Missile Turret  
  165  24:23  Battlecruiser  
  171  24:44  Supply Depot  
  171  24:55  Missile Turret  
  171  25:27  Battlecruiser  
  177  26:44  Battlecruiser  
  106  27:21  Battlecruiser  
  112  27:48  Battlecruiser, SCV  
  119  28:00  SCV  
  120  28:12  SCV  
  121  28:24  SCV  
  121  28:26  Battlecruiser  
  128  28:36  SCV  
  129  28:44  Missile Turret  
  129  28:52  Battlecruiser  
  129  28:55  Missile Turret  
  135  29:30  Battlecruiser  
  141  29:46  Thor  
  147  30:35  Command Center  
Tags
 
Add a new tag
Caveats
  • Supply blocks, unpowered buildings, or Contaminate may cause inaccurate times.
  • Supply counts are checked every 10 seconds.